 Dungeon Crawl Stone Soup version 0.22.1-1-ga44c0e5 (webtiles) character file.

55 Harpaggios the Sneak (level 3, -3/28 HPs)
             Began as a Naga Air Elementalist on Oct 19, 2018.
             Slain by an orc wizard
             ... wielding a +0 dagger
              (6 damage)
             ... on level 2 of the Dungeon.
             The game lasted 00:09:16 (1460 turns).

Harpaggios the Sneak (Naga Air Elementalist)        Turns: 1460, Time: 00:09:17

Health: -3/28      AC:  2    Str: 10    XL:     3   Next: 93%
Magic:  2/7        EV: 10    Int: 16    God:
Gold:   105        SH:  0    Dex: 11    Spells: 6/7 levels left

rFire    . . .     SeeInvis +   f - +1 short sword (elec)
rCold    . . .     Gourm    .   (no shield)
rNeg     . . .     Faith    .   a - +0 robe
rPois    +         Spirit   .   (no helmet)
rElec    .         Reflect  .   (no cloak)
rCorr    .         Harm     .   (no gloves)
MR       .....                  (no barding)
Stlth    ++........             (no amulet)
HPRegen  0.09/turn              (no ring)
MPRegen  0.10/turn              (no ring)

@: short of breath, very slow
A: large, see invisible, deformed body, poison resistance, slowness 2, slow
metabolism 1, spit poison 1, AC +1
a: Spit Poison


You were on level 2 of the Dungeon.
You were not hungry.

You visited 1 branch of the dungeon, and saw 2 of its levels.

You collected 105 gold pieces.

Inventory:

Hand Weapons
 f - a +1 short sword of electrocution (weapon)
Armour
 a - a +0 robe (worn)
Scrolls
 b - 3 scrolls of amnesia
 e - a scroll of teleportation {unknown}
 g - a scroll of identify {unknown}
 h - a scroll of enchant armour {unknown}
 i - a scroll of noise {unknown}
Potions
 j - a potion of degeneration {unknown}
Comestibles
 c - 3 rations
 d - 3 chunks of flesh


   Skills:
 - Level 1.5 Dodging
 - Level 3.4 Stealth
 * Level 2.9 Spellcasting
 + Level 1.8 Conjurations
 + Level 3.4 Air Magic


You had 6 spell levels left.
You knew the following spells:

 Your Spells              Type           Power        Failure   Level  Hunger
a - Shock                 Conj/Air       ##..         6%          1    #......

Your spell library contained the following spells:

 Spells                   Type           Power        Failure   Level  Hunger
 Swiftness                Chrm/Air       #.......     14%         2    ##.....
 Static Discharge         Conj/Air       ##......     19%         3    ###....
 Airstrike                Air            ##........   43%         4    #####..
 Lightning Bolt           Conj/Air       ##........   87%         5    ######.


Dungeon Overview and Level Annotations

Branches:
Dungeon (2/15)

Altars:


Innate Abilities, Weirdness & Mutations

You cannot wear boots.
Your serpentine skin is tough. (AC +1)
You have supernaturally acute eyesight. (SInv)
Armour fits poorly on your strangely shaped body.
Your system is resistant to poisons. (rPois)
You cover ground very slowly.
You have a slow metabolism.
You can spit poison.


Message History

The orc wizard hits you but does no damage.
You have got your breath back.
The orc wizard gestures wildly while chanting.
The orc wizard flickers and vanishes for a moment.
The orc hits you with a short sword.
You're too confused to move!
The orc wizard looks more healthy.
You're too confused!
The orc wizard hits you with a dagger.
* * * LOW HITPOINT WARNING * * *
There are monsters nearby!
There are monsters nearby!
You feel less confused. The orc hits you with a short sword.
* * * LOW HITPOINT WARNING * * *
The orc wizard hits you but does no damage.
Press: ? - help, Shift-Dir - straight line, f/p - orc
Aim: an orc, wielding a short sword (heavily wounded)
The splash of poison misses the orc.
You feel slightly more hungry. The orc hits you but does no damage.
The orc wizard hits you with a dagger.
You die...

##
########...
#@o....<...
#.o.)).!...
####'####..
#≈≈≈.≈≈≈#
#≈.....≈#
#≈.###.≈#
## #≈.#
#.≈# .##
#≈.###.≈#
..##
#≈.)...≈#
..


You could see an orc wizard (invisible) and an orc.

Vanquished Creatures
  A gnoll (D:1)
  An ooze (D:1)
  2 leopard geckos
  3 orcs (D:2)
  7 bats (D:1)
  4 goblins
  2 hobgoblins
  3 jackals (D:2)
  2 frilled lizards (D:1)
  5 kobolds
  6 rats
36 creatures vanquished.

Notes
Turn   | Place    | Note
-------+----------+-------------------------------------------
     0 | D:1      | Harpaggios the Naga Air Elementalist began the quest for
                  | the Orb.
     0 | D:1      | Reached XP level 1. HP: 15/15 MP: 3/3
   107 | D:1      | Reached XP level 2. HP: 7/22 MP: 0/5
   645 | D:1      | Reached XP level 3. HP: 28/28 MP: 3/6
  1460 | D:2      | Slain by an orc wizard

Action                   || total
-------------------------++-------
Melee: Unarmed           ||     5
       Short sword       ||    15
 Cast: Shock             ||    55
 Abil: Spit Poison       ||    20
  Use: Scroll            ||     1
  Eat: Chunk             ||     2
Armor: Robe              ||     9
Dodge: Dodged            ||    14
